 Dungeon Crawl Stone Soup version 0.28.0-43-g3370ac3207 (webtiles) character file.

Game seed: 17042561492323579409

77 lonewolfV2 the Shield-Bearer (level 4, -7/35 HPs)
             Began as a Demonspawn Fighter on Mar 25, 2022.
             Killed by nerve-wracking pain
             ... invoked by an orc priest
              (10 damage)
             ... on level 3 of the Dungeon.
             The game lasted 00:01:58 (2320 turns).

lonewolfV2 the Shield-Bearer (Demonspawn Fighter)   Turns: 2320, Time: 00:01:59

Health: -7/35      AC:  6    Str: 18    XL:     4   Next: 13%
Magic:  4/4        EV:  9    Int: 10    God:
Gold:   92         SH:  8    Dex: 12    Spells: 3/3 levels left

rFire   . . .      SeeInvis .   a - +0 war axe
rCold   . . .      Faith    .   c - +0 buckler
rNeg    . . .      Spirit   .   b - +0 scale mail
rPois   .          Reflect  .   (no helmet)
rElec   .          Harm     .   (no cloak)
rCorr   .          Rampage  .   (no gloves)
Will    .....                   (no boots)
Stlth   ..........              (no amulet)
HPRegen 0.11/turn               (no ring)
MPRegen 0.18/turn               (no ring)

@: no status effects
A: large bone plates 1, magic regeneration
a: no special abilities


You were on level 3 of the Dungeon.
You visited 1 branch of the dungeon, and saw 3 of its levels.

You collected 92 gold pieces.

Inventory:

Hand Weapons
 a - a +0 war axe (weapon)
Armour
 b - a +0 scale mail (worn)
 c - a +0 buckler (worn)
Jewellery
 e - a ring of flight
Scrolls
 g - a scroll of immolation {unknown}
 h - a scroll of enchant weapon {unknown}
 i - 2 scrolls of identify {unknown}
 j - a scroll of blinking {unknown}
 k - a scroll of amnesia {unknown}
 l - a scroll of holy word {unknown}
 p - a scroll of magic mapping {unknown}
Potions
 d - a potion of might
 f - a potion of heal wounds {unknown}
 m - a potion of haste {unknown}
 n - 2 potions of curing {unknown}
 o - a potion of invisibility {unknown}
 q - a potion of brilliance {unknown}


   Skills:
 + Level 3.5 Fighting
 + Level 2.3 Axes
 + Level 2.9 Armour
 + Level 0.1 Dodging
 + Level 0.1 Stealth
 + Level 3.6 Shields


You had 3 spell levels left.
You didn't know any spells.
Your spell library was empty.

Dungeon Overview and Level Annotations

Branches:
Dungeon (3/15)

Altars:


Innate Abilities, Weirdness & Mutations

You are partially covered in large bone plates. (SH +4)
You regenerate magic rapidly.


Message History

The orc is moderately wounded.
You hit the orc but do no damage. The orc barely misses you.
The orc hits you with a +0 dagger. You block the orc's attack.
You slash the orc!
You kill the orc!
You slash the orc! The orc hits you but does no damage.
The orc hits you but does no damage.
Things that are here:
a +0 dagger; a scroll labelled QUSHRULI PYOPRI An orc priest comes into view.
It is wielding a +0 club.
The orc priest shouts!
You block the orc's attack. The orc hits you with a +0 club.
You hit the orc.
You kill the orc!
Things that are here:
a +0 club; a +0 leather armour
Found a stone staircase leading down.
You block the orc priest's attack.
You closely miss the orc priest. You block the orc priest's attack.
The orc priest mumbles some strange prayers to Beogh against you.
Pain shoots through your body!
You closely miss the orc priest. The orc priest misses you.
You hit the orc priest.
The orc priest is lightly wounded.
The orc priest hits you but does no damage.
You block the orc priest's attack.
You closely miss the orc priest.
The orc priest is lightly wounded.
The orc priest closely misses you.
You closely miss the orc priest.
The orc priest is lightly wounded.
The orc priest hits you with a +0 club.
The orc priest calls down the wrath of Beogh upon you.
Pain shoots through your body!
* * * LOW HITPOINT WARNING * * *
You hit the orc priest.
The orc priest is lightly wounded.
The orc priest calls down the wrath of Beogh upon you.
Pain shoots through your body!
You die...

.>. ... ###.#
.... # #..# #.
#..# #..##.o####
#.....@...#
#..##..#......
###.# #..
#))#.##### .....
###..##..#.# ###.
...........######
#####..
.........).......
......#
###.#............
#####.#
#.#.##.#.######
#.#.......#


You could see an orc priest.

Vanquished Creatures
  3 adders (D:2)
  2 worms (D:2)
  3 orcs (D:3)
  2 ball pythons
  3 bats
  5 endoplasms
  3 goblins
  3 hobgoblins
  4 jackals (D:2)
  3 quokkas
  2 frilled lizards (D:1)
  3 kobolds
  A rat (D:2)
37 creatures vanquished.

Notes
Turn   | Place    | Note
-------+----------+-------------------------------------------
     0 | D:1      | lonewolfV2 the Demonspawn Fighter began the quest for the
                  | Orb.
     0 | D:1      | Reached XP level 1. HP: 18/18 MP: 1/1
   192 | D:1      | Gained mutation: You are partially covered in large bone
                  | plates. (SH +4) [demonic ancestry]
   192 | D:1      | Reached XP level 2. HP: 20/24 MP: 2/2
   749 | D:2      | Gained mutation: You regenerate magic rapidly. [demonic
                  | ancestry]
   749 | D:2      | Reached XP level 3. HP: 19/29 MP: 3/3
  1888 | D:2      | Found a faded altar of an unknown god.
  2029 | D:2      | Reached XP level 4. HP: 19/35 MP: 4/4
  2320 | D:3      | Killed from afar by an orc priest

Illustrated notes

Levels and vault maps discovered:
D:1:      kennysheep_arrival_forest, layout_rooms, minmay_misc_feat_columns,
          minmay_pentomino_q2
D:2:      layout_loops_ring, dreamdust_ecumenical_altar_statues,
          minmay_misc_feat_secret_circle, hex_medium
D:3:      layout_basic, serial_shops, nicolae_shop_stone,
          nicolae_shop_hallway_stairs, uniq_ijyb, uniq_jessica, uniq_natasha

Skill      XL: |  1  2  3 |
---------------+----------+-----
Shields        | 3 |  3.6
Axes           | 2 |  2.3
Fighting       | |  3.5
Armour         | |  2.9
Dodging        | |  0.1
Stealth        | |  0.1

Action                   |  1- 3 |  4- 6 || total
-------------------------+-------+-------++-------
Melee: War axe           |   109 |    14 ||   123
Armor: Scale mail        |    54 |     5 ||    59
Dodge: Dodged            |    45 |     7 ||    52
Block: Buckler           |    52 |     7 ||    59
